 Dungeon Crawl Stone Soup version 0.32-a0-540-g866d13106e (webtiles) character file.

Game seed: 13610864562291303343

3310 Dittersdorf the Protected (level 10, -1/64 HPs)
             Began as a Gargoyle Fighter on Feb 28, 2024.
             Slain by an acid dragon (6 damage)
             ... on level 9 of the Dungeon.
             The game lasted 00:07:01 (7440 turns).

Dittersdorf the Protected (Gargoyle Fighter)        Turns: 7440, Time: 00:07:01

Health: -1/64      AC: 13    Str: 25    XL:     10   Next: 1%
Magic:  10/10      EV:  8    Int:  8    God:
Gold:   416        SH:  9    Dex:  9    Spells: 9/9 levels left

rFire   + . .        s - +2 flail (holy)
rCold   . . .        w - +0 kite shield
rNeg    + . .        i - +2 chain mail {rF+}
rPois   ∞            (no helmet)
rElec   +            (no cloak)
rCorr   .            (no gloves)
SInv    .            n - +0 pair of boots
Will    .....        k - amulet of regeneration Stlth
                     f - ring of flight
HPRegen 1.10/turn    (no ring)
MPRegen 0.12/turn

%: no passive effects
@: corroded, flying
A: sickness immunity, AC +7, negative energy resistance 1, electricity
resistance, torment resistance 1, petrification resistance
a: no special abilities


You were on level 9 of the Dungeon.
You visited 2 branches of the dungeon, and saw 10 of its levels.

You collected 416 gold pieces.

Inventory:

Hand Weapons
 s - a +2 flail of holy wrath (weapon)
Missiles
 a - 2 throwing nets
 z - 4 curare-tipped darts (quivered)
Armour
 i - a +2 chain mail of fire resistance (worn)
 n - a +0 pair of boots (worn)
 w - a +0 kite shield (worn)
Jewellery
 f - a ring of flight (left hand)
 k - an amulet of regeneration (around neck)
Wands
 e - a wand of acid (6)
 q - a wand of digging (8)
 t - a wand of flame (10)
Scrolls
 h - 2 scrolls of revelation
 l - 2 scrolls of silence
 o - 3 scrolls of blinking
 y - a scroll of fog
 B - a scroll of teleportation
Potions
 b - 4 potions of mutation
 d - 2 potions of might
 g - 5 potions of curing
 j - a potion of brilliance
 m - a potion of berserk rage {unknown}
 u - 2 potions of cancellation
 v - 2 potions of haste
 x - a potion of ambrosia
 A - a potion of enlightenment


   Skills:
 + Level 8.2 Fighting
 + Level 7.2 Maces & Flails
 + Level 8.3 Armour
 + Level 8.2 Shields


You had 9 spell levels left.
You didn't know any spells.
Your spell library contained the following spells:

 Spells                   Type           Power      Damage    Failure   Level
 Apportation              Tloc           0%         N/A       98%         1
 Necrotise                Necr           0%         1d4       98%         1
 Sting                    Conj/Alch      0%         1d3       98%         1
 Summon Small Mammal      Summ           0%         N/A       98%         1
 Hailstorm                Conj/Ice       0%         3d5       100%        3
 Summon Ice Beast         Ice/Summ       0%         N/A       100%        3
 Anguish                  Hex/Necr       0%         N/A       100%        4
 Cause Fear               Hex            0%         N/A       100%        4
 Sculpt Simulacrum        Ice/Alch       0%         N/A       100%        6
 Enfeeble                 Hex            0%         N/A       100%        7


Dungeon Overview and Level Annotations

Branches:
Dungeon (9/15)             Temple (1/1) D:4            Lair (0/5) D:9
    Orc: D:9-12

Altars:
Ashenzari
Cheibriados
Dithmenos
Elyvilon
Fedhas
Hepliaklqana
Kikubaaqudgha
Makhleb
Okawaru
Qazlal
Ru
Sif Muna
Trog
Uskayaw
Wu Jian
Xom
Zin
The Shining One


Innate Abilities, Weirdness & Mutations

You are immune to sickness and miasma.
Your stone body is resilient. (AC +7)
You are immune to poison.
You resist negative energy. (rN+)
You are resistant to electric shocks. (rElec)
You are resistant to unholy torment.
You are immune to petrification.


Message History

The yak gores you! You block the wolf's attack.
The hound pauses to sniff the water.
The wolf bites you.
You are too injured to fight recklessly!
You are too injured to fight recklessly!
You are too injured to fight recklessly!
You start resting.
An acid dragon is nearby!
The acid dragon spits acid at you. The splash of acid hits you!!
The acid corrodes you! The acid dragon barely misses you. x2
You hit the acid dragon but do no damage.
The acid dragon bites you but does no damage.
The acid dragon claws you but does no damage.
The acid dragon spits acid at you. The splash of acid hits you.
* * * LOW HITPOINT WARNING * * *
The acid corrodes you!
You closely miss the acid dragon. You block the acid dragon's attack. x2
You sock the acid dragon!
The acid dragon is moderately wounded.
The acid dragon barely misses you. The acid dragon claws you.
* * * LOW HITPOINT WARNING * * *
You hit the acid dragon.
The acid dragon is heavily wounded.
The acid dragon spits acid at you. The splash of acid hits you!
* * * LOW HITPOINT WARNING * * *
The acid corrodes you!
You hit the acid dragon.
The acid dragon is severely wounded.
The acid dragon bites you but does no damage.
The acid dragon closely misses you.
You barely miss the acid dragon.
The acid dragon is severely wounded.
The acid dragon completely misses you. You block the acid dragon's attack.
You barely miss the acid dragon.
The acid dragon is severely wounded.
The acid dragon bites you.
You die...

...........###.## ...#
..........<.....##...
(.........###......##
..........#.........# .. #.
#........##.........###.##...
##......#...........).........
###..................~....~$~.
#....................~..~.~..
###.....<......@D.....Y~~~≈~~.~
#....!..#######........~≈≈≈Y.≈.
#......## ##.......~~≈≈≈≈≈~~
###..### #.......~~≈≈≈Yh~~≈≈
#.## #....[..~≈≈≈≈hh.~.~ ####.#
#.........≈≈≈≈Yhh...≈ .....#
#.###.....~≈≈≈YDY>.~. ....##
#.. ##...#≈≈≈≈hYh.... ....# ..
#.###~≈≈≈Th....~


You could see a yak and an acid dragon (catching breath).

Vanquished Creatures
  Eustachio (D:4)
  A wyvern (D:7)
  A steam dragon (D:8)
  An acid dragon (D:8)
  A water moccasin (D:7)
  An ice beast (D:7)
  A sky beast (D:7)
  An ogre (D:5)
  An orc warrior (D:8)
  3 centaurs
  10 kobold brigands
  2 gnoll sergeants
  2 bullfrogs (D:8)
  A scorpion (D:6)
  7 wights
  5 electric eels (D:9)
  A bombardier beetle (D:3)
  A jelly (D:5)
  An orc priest (D:5)
  2 orc wizards
  An iguana (D:3)
  Natasha (thrice) (D:3)
  14 gnolls
  4 adders
  A shadow imp (D:6)
  A white imp (D:7)
  A dart slug (D:4)
  A ribbon worm (D:2)
  19 orcs
  6 bats
  6 endoplasms
  5 giant cockroaches
  9 goblins
  6 hobgoblins
  16 kobolds
  3 quokkas
  3 ball pythons
  5 frilled lizards
  7 rats
  A spectral goblin (D:3)
156 creatures vanquished.

Notes
Turn   | Place    | Note
-------+----------+-------------------------------------------
     0 | D:1      | Dittersdorf the Gargoyle Fighter began the quest for the
                  | Orb.
     0 | D:1      | Reached XP level 1. HP: 14/14 MP: 1/1
    35 | D:1      | Reached XP level 2. HP: 15/19 MP: 2/2
   499 | D:1      | Reached XP level 3. HP: 18/23 MP: 3/3
  1370 | D:2      | Reached XP level 4. HP: 29/29 MP: 4/4
  1752 | D:3      | Noticed Natasha
  1765 | D:3      | Killed Natasha
  1766 | D:3      | Reached XP level 5. HP: 33/33 MP: 5/5
  1889 | D:3      | Found a hazy altar of Hepliaklqana.
  1992 | D:3      | Found a shimmering blue altar of Sif Muna.
  2079 | D:3      | Noticed Natasha
  2086 | D:3      | Killed Natasha
  2099 | D:3      | Found a glowing golden altar of the Shining One.
  2248 | D:3      | Found a shimmering altar of Xom.
  2256 | D:3      | Reached XP level 6. HP: 39/39 MP: 6/6
  2386 | D:3      | Found a shimmering altar of Xom.
  2573 | D:3      | Found a hazy altar of Hepliaklqana.
  2637 | D:3      | Noticed Natasha
  2645 | D:3      | Killed Natasha
  2662 | D:3      | Found a shimmering blue altar of Sif Muna.
  2767 | D:3      | Found a glowing golden altar of the Shining One.
  3127 | D:4      | Noticed Eustachio
  3136 | D:4      | Killed Eustachio
  3197 | D:4      | Reached skill level 5 in Fighting
  3197 | D:4      | Reached skill level 5 in Armour
  3215 | D:4      | Reached skill level 5 in Shields
  3222 | D:4      | Reached XP level 7. HP: 44/44 MP: 7/7
  3257 | D:4      | Found a staircase to the Ecumenical Temple.
  3268 | Temple   | Entered the Ecumenical Temple
  3452 | D:4      | Found a bloodstained altar of Trog.
  3564 | D:4      | Found an ornate altar of the Wu Jian Council.
  3756 | D:5      | Entered Level 5 of the Dungeon
  4584 | D:6      | Found an iron altar of Okawaru.
  4818 | D:6      | Reached XP level 8. HP: 46/51 MP: 8/8
  4830 | D:6      | Reached skill level 5 in Maces & Flails
  5276 | D:6      | Found a snail-covered altar of Cheibriados.
  5451 | D:6      | Found the +7 Throatcutter {drain, coup de grace}
  5526 | D:6      | Reached XP level 9. HP: 55/56 MP: 9/9
  5588 | D:7      | Found a burning altar of Makhleb.
  6704 | D:8      | Found a sacrificial altar of Ru.
  7399 | D:9      | Found a staircase to the Lair.
  7399 | D:9      | Noticed a troll
  7410 | D:9      | Reached XP level 10. HP: 42/64 MP: 10/10
  7437 | D:9      | HP: 1/64 [acid dragon/splash of acid (17)]
  7440 | D:9      | Slain by an acid dragon

Illustrated notes

Levels and vault maps discovered:
D:1:      roderic_dead_forest, layout_rooms
D:2:      layout_loops_corners
D:3:      layout_basic, hellmonk_sif_muna_bookshelves, lemuel_doored_altar,
          nicolae_hepliaklqana_monster_ancestors,
          mainiacjoe_overflow_cross_hatched,
          nicolae_concentric_dashed_squares_mild, uniq_natasha
D:4:      layout_basic, trog_three_pillars_becter, nzn_wu_jian_council_hall,
          minmay_temple_entry_junction_2, hangedman_abyss_or_decor_stabs,
          uniq_eustachio
D:5:      layout_loops_corners
D:6:      layout_basic, mainiacjoe_overflow_alcove_4,
          mainiacjoe_overflow_catwalk, dilly_guarded_unrand_throatcut
D:7:      layout_loops_ring, overflow_temple_1_default
D:8:      layout_loops_ring, kennysheep_mini_moat,
          nicolae_overflow_hidden_temple, serial_co_window_serial,
          co_window_corner_a, co_window_of_opportunity_a, co_window_cross_1,
          co_window_paths_a, co_window_corner_a, co_window_broadway_c,
          co_window_cross_2, co_window_unsneaky_path_a,
          co_window_of_opportunity_b, co_window_of_opportunity_c,
          glass_columns_c, glass_columns_c, glass_columns_c, glass_columns_c,
          glass_columns_c
D:9:      layout_rooms, nicolae_gozag_cash_rules_everything_around_me,
          nicolae_yredelemnul_ghost_church, nicolae_vehumet_altar_sigil,
          erik_lair_island
Temple:   nicolae_temple_bog_church

Skill      XL: |  1  2  3  4  5  6  7  8  9 |
---------------+----------------------------+-----
Fighting       | 4 5 6 8 |  8.2
Armour         | 4 5 6 8 |  8.3
Shields        | 4 5 6 8 |  8.2
Maces & Flails | 3 4 5 7 |  7.2

Action                     |  1- 3 |  4- 6 |  7- 9 | 10-12 || total
---------------------------+-------+-------+-------+-------++-------
  Melee: Flail             |   143 |   145 |   320 |    12 ||   620
    Use: Scroll            |       |     8 |    15 |       ||    23
 Armour: Scale mail        |   112 |       |       |       ||   112
         Chain mail        |     9 |   136 |   299 |    15 ||   459
  Dodge: Dodged            |    81 |    78 |   116 |     8 ||   283
  Block: Buckler           |    43 |    39 |    20 |       ||   102
         Kite shield       |       |       |   150 |     6 ||   156

Table legend: (Time is in decaauts)
 A = Elapsed time spent in this place.
 B = Non-inter-level travel time spent in this place.
 C = Inter-level travel time spent in this place.
 D = Time resting spent in this place.
 E = Time spent auto-exploring this place.
 F = Levels seen in this place.
 G = Mean time per level.
                   A        B        C        D        E       F      G
               +--------+--------+--------+--------+--------+-----+--------+
         Total |   7602 |   7247 |    355 |    235 |   5555 |  10 |  760.2 |
       Dungeon |   7600 |   7245 |    355 |    235 |   5555 |   9 |  844.4 |
        Temple |      1 |      1 |      0 |      0 |      0 |   1 |    1.0 |
               +--------+--------+--------+--------+--------+-----+--------+

Top non-repeatable levels by time:
     D:3: 1563 daAuts
     D:6: 1080 daAuts
     D:8: 901 daAuts
     D:7: 891 daAuts
     D:2: 878 daAuts
     D:5: 780 daAuts
     D:1: 728 daAuts
     D:4: 685 daAuts
     D:9: 90 daAuts
  Temple: 1 daAuts
